 Dungeon Crawl Stone Soup version 0.30-a0-722-g3e6e8c874d (webtiles) character file.

Game seed: 6195258357908456783

6 mistaj the Trooper (level 1, 0/18 HPs)
             Began as a Demonspawn Fighter on Jan 28, 2023.
             Slain by a kobold
             ... wielding a +0 dagger of venom
              (1 damage)
             ... on level 1 of the Dungeon.
             The game lasted 00:00:31 (259 turns).

mistaj the Trooper (Demonspawn Fighter)              Turns: 259, Time: 00:00:31

Health: 0/18       AC:  8    Str: 16    XL:     1   Next: 75%
Magic:  1/1        EV:  6    Int:  9    God:
Gold:   22         SH:  4    Dex: 12    Spells: 0/0 levels left

rFire   . . .      SeeInvis .    a - +0 war axe
rCold   . . .      Faith    .    c - +0 buckler
rNeg    . . .      Spirit   .    e - +0 chain mail
rPois   .          Reflect  .    (no helmet)
rElec   .          Harm     .    (no cloak)
rCorr   .          Rampage  .    (no gloves)
Will    .....                    (no boots) Stlth
                                 (no amulet)
HPRegen 0.23/turn                (no ring)
MPRegen 0.07/turn                (no ring)

@: lethally poisoned (0 -> -24)
A: no striking features
a: no special abilities


You were on level 1 of the Dungeon.
You visited 1 branch of the dungeon, and saw 1 of its levels.

You collected 22 gold pieces.

Inventory:

Hand Weapons
 a - a +0 war axe (weapon)
Armour
 c - a +0 buckler (worn)
 e - a +0 chain mail (worn)
Scrolls
 f - a scroll of vulnerability {unknown}
Potions
 b - a potion of mutation {unknown}
 d - a potion of might


   Skills:
 + Level 3.1 Fighting
 + Level 2.0 Axes
 - Level 2.6 Armour
 + Level 2.8 Shields


You couldn't memorise any spells.
You didn't know any spells.
Your spell library was empty.

Dungeon Overview and Level Annotations

Branches:
Dungeon (1/15)

Altars:


Message History

A kobold comes into view. It is wielding a +0 club.
Found a stone staircase leading down.
A kobold is nearby!
You hit the kobold.
You kill the kobold!
No target in view!
No target in view!
No target in view!
No target in view!
Things that are here:
a +0 club; a kobold corpse
f - a scroll labelled DARGHO SOWANUAMIZUU Your hearing returns.
A kobold comes into view. It is wielding a +0 dagger of venom.
The kobold shouts!
You hear a shout!
A rat comes into view.
The kobold hits you but does no damage.
You are poisoned.
You barely miss the kobold.
You feel very sick. The kobold hits you but does no damage.
You are lethally poisoned!
The kobold barely misses you.
You barely miss the kobold.
You feel very sick.
The kobold hits you with a +0 dagger of venom.
You are more poisoned.
You are too injured to fight recklessly!
You are too injured to fight recklessly!
You are too injured to fight recklessly!
You are too injured to fight recklessly!
You are too injured to fight recklessly!
You barely miss the kobold.
* * * LOW HITPOINT WARNING * * *
You feel extremely sick. The kobold hits you but does no damage.
You are more poisoned.
The rat bites you but does no damage.
The kobold hits you with a +0 dagger of venom.
You die...

#.8.....8.# ..#.......
#.........# ..........
#....<....# .........#
.###########
.........###...
.........##..# # ..
.#..#........#.# ....###
......K......#.#........
#...@....#...........
.#...r.##.#..##.......
........................
.......#.##.#..#.#######
####.....##.#....##
#.#####........## #
..........###.#..#####
...##..........##.....)
.. #..........#####.##


You could see a kobold and a rat.

Vanquished Creatures
  An endoplasm (D:1)
  2 hobgoblins (D:1)
  A quokka (D:1)
  A kobold (D:1)
5 creatures vanquished.

Notes
Turn   | Place    | Note
-------+----------+-------------------------------------------
     0 | D:1      | mistaj the Demonspawn Fighter began the quest for the Orb.
     0 | D:1      | Reached XP level 1. HP: 18/18 MP: 1/1
   259 | D:1      | Slain by a kobold

Illustrated notes

Levels and vault maps discovered:
D:1:      lemuel_arrival_broad_hall, layout_basic,
          chequers_ecumenical_altar_island, minmay_misc_feat_hallway

Skill      XL: |  1 |
---------------+----+-----
Axes           | 2 |  2.0
Fighting       | |  3.1
Armour         | |  2.6
Shields        | |  2.8

Action                     || total
---------------------------++-------
  Melee: War axe           ||    15
    Use: Scroll            ||     2
 Armour: Scale mail        ||     5
         Chain mail        ||     4
  Dodge: Dodged            ||     6
  Block: Buckler           ||     1

Table legend: (Time is in decaauts)
 A = Elapsed time spent in this place.
 B = Non-inter-level travel time spent in this place.
 C = Inter-level travel time spent in this place.
 D = Time resting spent in this place.
 E = Time spent auto-exploring this place.
 F = Levels seen in this place.
 G = Mean time per level.
                   A        B        C        D        E       F      G
               +--------+--------+--------+--------+--------+-----+--------+
         Total |    265 |    265 |      0 |    117 |     67 |   1 |  265.0 |
       Dungeon |    265 |    265 |      0 |    117 |     67 |   1 |  265.0 |
               +--------+--------+--------+--------+--------+-----+--------+

Top non-repeatable levels by time:
     D:1: 265 daAuts
